 Dungeon Crawl Stone Soup version 0.23-a0-143-g1adec7b (webtiles) character file.

170 Kuinu the Skirmisher (level 5, 0/47 HPs)
             Began as a Draconian Berserker on Sept 3, 2018.
             Was a Believer of Trog.
             Slain by a kobold
             ... wielding a +0 club
              (3 damage)
             ... on level 3 of the Dungeon.
             The game lasted 00:06:24 (2230 turns).

Kuinu the Skirmisher (Draconian Berserker)          Turns: 2230, Time: 00:06:25

Health: 0/47       AC:  5    Str: 19    XL:     5   Next: 25%
Magic:  5/5        EV: 13    Int:  8    God:    Trog [**....]
Gold:   85         SH:  0    Dex: 11    Spells: 4/4 levels left

rFire    . . .     SeeInvis .   a - +0 falchion
rCold    . . .     Gourm    .   (no shield)
rNeg     . . .     Faith    .   (armour unavailable)
rPois    .         Spirit   .   (helmet restricted)
rElec    .         Reflect  .   (no cloak)
rCorr    .         Harm     .   (no gloves)
MR       ++...                  (no boots)
Stlth    +.........             (no amulet)
HPRegen  1.15/turn              (no ring)
MPRegen  0.09/turn              (no ring)

@: regenerating
A: unfitting armour, cold-blooded, AC +5
a: Berserk, Trog's Hand, Renounce Religion


You were on level 3 of the Dungeon.
You worshipped Trog.
Trog was pleased with you.
You were not hungry.

You visited 1 branch of the dungeon, and saw 3 of its levels.

You collected 85 gold pieces.

Inventory:

Hand Weapons
 a - a +0 falchion (weapon)
 n - a +0 club
Jewellery
 l - an uncursed ring of magical power
Scrolls
 d - a scroll of immolation {unknown}
 f - a scroll of fear
 g - 4 scrolls of remove curse
 h - a scroll of enchant armour
 i - 2 scrolls of teleportation
 o - a scroll of blinking {unknown}
 p - a scroll of amnesia {unknown}
Potions
 c - a potion of brilliance
 j - a potion of resistance
 m - a potion of curing
Comestibles
 b - 12 rations
 k - a chunk of flesh


   Skills:
 * Level 4.8 Fighting
 * Level 4.4 Long Blades
 + Level 3.4 Dodging


You had 4 spell levels left.
You didn't know any spells.
Your spell library was empty.

Dungeon Overview and Level Annotations

Branches:
Dungeon (3/15)

Altars:
Sif Muna


Innate Abilities, Weirdness & Mutations

Your plain brown scales are hard. (AC +5)
You cannot fit into any form of body armour.
You are cold-blooded and may be slowed by cold attacks.


Message History

* * * LOW HITPOINT WARNING * * *
The kobold hits you but does no damage. The kobold misses you.
You riposte.
You hit the kobold but do no damage.
The kobold is severely wounded.
You hit the orc priest.
You tail-slap the orc priest, but do no damage.
The orc priest is almost dead.
Something hits you.
* * * LOW HITPOINT WARNING * * *
The orc priest barely misses you.
You hear some strange, mumbled words.
A puff of flame appears from out of thin air!
The puff of flame misses you. Something hits you.
* * * LOW HITPOINT WARNING * * *
The kobold closely misses you. The orc priest closely misses you.
You riposte.
You hit the orc priest.
You kill the orc priest!
Trog accepts your kill. The kobold hits you with a club.
You die...

≈≈≈≈≈≈≈≈....≈≈≈
≈≈≈≈≈≈≈≈≈....≈≈≈
≈≈≈≈≈≈≈≈≈....≈≈≈
≈.≈≈≈.≈......≈≈.
..............
........KK..
.......{[K#
.......)@#
.......K## ####
.###.#...###...#
# #.........# #.
##..(##...#.##
..
##.#..###....#.#
#.##
<.....###.##.#.#
#... ...
##.##.....#....#
####..# ....#
#.......##...###
#.....###


You could see 4 kobolds.

Vanquished Creatures
  An orc priest (D:3)
  Robin (D:2)
  4 adders
  A worm (D:2)
  3 dart slugs
  2 leopard geckos
  An orc (D:3)
  10 bats
  2 giant cockroaches (D:1)
  14 goblins
  9 hobgoblins
  6 jackals
  6 kobolds
  4 quokkas
  4 frilled lizards
  5 rats
73 creatures vanquished.

Notes
Turn   | Place    | Note
-------+----------+-------------------------------------------
     0 | D:1      | Kuinu the Draconian Berserker began the quest for the Orb.
     0 | D:1      | Reached XP level 1. HP: 19/19 MP: 1/1
   308 | D:1      | Reached XP level 2. HP: 26/26 MP: 2/2
   881 | D:2      | Reached XP level 3. HP: 22/33 MP: 3/3
   886 | D:2      | Reached ** piety under Trog
  1457 | D:2      | Reached XP level 4. HP: 40/40 MP: 4/4
  1473 | D:2      | Noticed Robin
  1518 | D:2      | Killed Robin
  1987 | D:2      | Found a deep blue altar of Sif Muna.
  2219 | D:3      | Reached XP level 5. HP: 45/47 MP: 5/5
  2230 | D:3      | Slain by a kobold

Vault maps used:
D:1:      eino_arrival_tree_alley
D:2:      lemuel_blue_sif_altar, uniq_robin
D:3:      minmay_goblin_kobold_castle, first_ration, uniq_terence

Skill      XL: |  1  2  3  4 |
---------------+-------------+-----
Dodging        | 3 |  3.4
Fighting       | 4 |  4.8
Long Blades    | 4 |  4.4

Action                   |  1- 3 |  4- 6 || total
-------------------------+-------+-------++-------
Melee: Falchion          |    98 |   126 ||   224
       Tailslap          |    11 |    20 ||    31
Invok: Trog's Hand       |       |     2 ||     2
  Use: Scroll            |       |     8 ||     8
  Eat: Chunk             |     2 |     3 ||     5
Armor: Skin              |    28 |    59 ||    87
Dodge: Dodged            |    73 |   110 ||   183
       Rpst.: Falchion   |    23 |    37 ||    60

Table legend:
 A = Non-vault XP
 B = Vault XP
 C = Vault XP percentage of total XP
 D = Non-vault monster count
 E = Vault monster count
 F = Vault count percentage of total count
                 A         B        C        D         E       F
            +---------+---------+-------+---------+---------+-------
      Total |     204 |      39 |  16.0 |      60 |      13 |  17.8
            +---------+---------+-------+---------+---------+-------
        D:1 |      30 |       0 |   0.0 |      15 |       0 |   0.0
        D:2 |     103 |      37 |  26.4 |      36 |      12 |  25.0
        D:3 |      71 |       2 |   2.7 |       9 |       1 |  10.0
            +---------+---------+-------+---------+---------+-------
